 Dungeon Crawl Stone Soup version 0.17.1-1-g73c8601 (webtiles) character file.

431 Killerpretzel the Destroyer (level 6, -1/32 HPs)
             Began as a Deep Elf Conjurer on Dec 29, 2015.
             Slain by Duvessa
             ... wielding a +0 short sword
              (7 damage)
             ... on level 4 of the Dungeon.
             The game lasted 00:14:59 (4046 turns).

Killerpretzel the Destroyer (Deep Elf Conjurer)     Turns: 4046, Time: 00:14:59

Health: -1/32      AC:  3    Str:  7    XL:     6   Next: 66%
Magic:  2/12       EV: 13    Int: 20    God:
Gold:   158        SH:  0    Dex: 15    Spells: 3 memorised, 3 levels left

rFire  . . .     SeeInvis .     g - +1 hunting sling (velocity)
rCold  . . .     Clarity  .     a - +1 robe
rNeg   . . .     SustAt   +     (no shield)
rPois  .         Gourm    .     (no helmet)
rElec  .         Spirit   .     (no cloak)
rCorr  +         Warding  .     (no gloves)
rMut   .         Stasis   .     (no boots)
MR     .....                    l - amulet of resist corrosion
Stlth  ++........               (no ring)
                                y - ring of sustain attributes

@: about to teleport, very slightly contaminated, not resistant to hostile
enchantments, unstealthy
A: no striking features
a: no special abilities


You were on level 4 of the Dungeon.
You were very hungry.

You visited 1 branch of the dungeon, and saw 4 of its levels.

You collected 158 gold pieces.

Inventory:

Hand Weapons
 g - a +1 hunting sling of velocity (weapon)
Missiles
 o - 149 stones (quivered)
 p - 31 poisoned needles
Armour
 a - a +1 robe (worn)
Jewellery
 l - an amulet of resist corrosion (around neck)
 y - a ring of sustain attributes (left hand)
Wands
 d - a wand of flame (14)
 x - a wand of magic darts (48)
Scrolls
 e - a scroll of teleportation
 q - 3 scrolls of identify
 A - 2 scrolls of remove curse
Potions
 h - a potion of magic
 i - a potion of curing
Books
 b - a book of Conjurations

   Spells                             Type                      Level
   a - Magic Dart                     Conjuration                  1
   b - Searing Ray                    Conjuration                  2
   c - Dazzling Spray                 Conjuration/Hexes            3
   d - Fulminant Prism                Conjuration/Hexes            4
   e - Iskenderun's Mystic Blast      Conjuration                  4
   f - Iskenderun's Battlesphere      Conjuration/Charms           5
Comestibles
 c - 3 bread rations
 m - 2 slices of pizza
 s - 2 beef jerkies
 u - 4 meat rations


   Skills:
 - Level 2.4 Dodging
 - Level 2.4 Stealth
 - Level 3.0 Spellcasting
 + Level 8.0 Conjurations
 + Level 4.7 Charms


You had 3 spell levels left.
You knew the following spells:

 Your Spells              Type           Power        Failure   Level  Hunger
a - Magic Dart            Conj           ####         1%          1    None
b - Searing Ray           Conj           #####.       1%          2    ##.....
c - Iskenderun's Battles  Conj/Chrm      ####....     30%         5    ######.


Dungeon Overview and Level Annotations

Branches:
Dungeon (4/15)
 Temple: D:4-7

Altars:
Makhleb

Annotations:
D:4 Dowan, Duvessa


Message History

Casting: Magic Dart
Confirm with . or Enter, or press ? or * to list all spells.
You don't have enough magic to cast that spell.
Duvessa hits your battlesphere with a short sword!
Duvessa hits your battlesphere with a short sword!
Your battlesphere is destroyed!
Duvessa hits you with a short sword. Duvessa hits you with a short sword!
Duvessa hits you with a short sword.
All of the chunks of flesh in your inventory have rotted away.
Duvessa gestures with her weapon.
An orc wizard comes into view. It is wielding a dagger.
Duvessa closely misses you.
Read which item? (? for menu, Esc to quit)
As you read the scroll of teleportation, it crumbles to dust.
You feel strangely unstable. Duvessa barely misses you.
Duvessa hits you with a short sword.
* * * LOW HITPOINT WARNING * * *
Duvessa hits you with a short sword!
You die...

#..###.#.# #..###.#.#
#).......#.# #.####.###.#
#.# #.# #.# #.# #e# #.#
##### #?# #.# #.# ##...##
##.# ##e###.######.....#
###>.###..@##.....)......#
#.......(#......####.....#
#8.8#######.####.#
##...### ...... ### #.#
##..... ..... #.# #..###
..... #.# #.^# .... ####
#.# #..# .... #..# #.#
#..# ##.# #.# #..#


You could see Duvessa and Dowan.

Vanquished Creatures
  A phantom (D:4)
  An ogre (D:4)
  An orc priest (D:4)
  Ijyb (D:2)
  2 gnolls (D:3)
  11 adders
  An ooze (D:3)
  An adder skeleton (D:4)
  3 worms
  2 giant geckos
  A ball python (D:2)
  6 goblins
  2 hobgoblins
  4 jackals (D:1)
  5 bats
  5 giant cockroaches
  6 giant newts
  9 kobolds
  15 rats
77 creatures vanquished.

Vanquished Creatures (others)
  3 gnolls (D:4)
  An orc (D:4)
4 creatures vanquished.

Grand Total: 81 creatures vanquished

Notes
Turn   | Place    | Note
--------------------------------------------------------------
     0 | D:1      | Killerpretzel the Deep Elf Conjurer began the quest for the Orb.
     0 | D:1      | Reached XP level 1. HP: 10/10 MP: 6/6
   625 | D:1      | Reached XP level 2. HP: 15/15 MP: 6/8
   629 | D:1      | Learned a level 2 spell: Searing Ray
   743 | D:1      | Reached skill level 5 in Conjurations
  1659 | D:2      | Reached XP level 3. HP: 19/19 MP: 3/9
  1752 | D:2      | Found a burning altar of Makhleb.
  1879 | D:2      | Noticed Ijyb
  1885 | D:2      | Killed Ijyb
  1885 | D:2      | Reached skill level 6 in Conjurations
  1885 | D:2      | Reached XP level 4. HP: 24/24 MP: 3/10
  2421 | D:3      | Reached skill level 7 in Conjurations
  2421 | D:3      | Reached XP level 5. HP: 28/28 MP: 8/11
  2431 | D:3      | Learned a level 5 spell: Iskenderun's Battlesphere
  2621 | D:3      | Reached skill level 1 in Charms
  3334 | D:4      | Noticed an ogre
  3338 | D:4      | Killed an ogre
  3338 | D:4      | Reached XP level 6. HP: 32/32 MP: 4/12
  3736 | D:4      | Noticed a phantom
  3764 | D:4      | Killed a phantom
  4014 | D:4      | Reached skill level 8 in Conjurations
  4025 | D:4      | Noticed Duvessa
  4027 | D:4      | Noticed Dowan
  4046 | D:4      | Slain by Duvessa

Action                   |  1- 3 |  4- 6 || total
-------------------------+-------+-------++-------
 Fire: Hunting sling     |       |    15 ||    15
 Cast: Magic Dart        |    59 |   115 ||   174
       Searing Ray       |     3 |     5 ||     8
       Iskenderun's Batt |       |     1 ||     1
  Use: Scroll            |       |    10 ||    10
       Potion            |       |     7 ||     7
  Eat: Chunk             |     3 |     6 ||     9
